 Dungeon Crawl Stone Soup version 0.18.1-5-g4a78601 (webtiles) character file.

845 Scarto the Ducker (level 7, -6/70 HPs)
             Began as a Troll Monk on May 9, 2016.
             Mangled by a slave (8 damage)
             ... led by Pikel
             ... on level 5 of the Dungeon.
             The game lasted 00:03:54 (3337 turns).

Scarto the Ducker (Troll Monk)                      Turns: 3337, Time: 00:03:55

Health: -6/70      AC:  5    Str: 22    XL:     7   Next: 68%
Magic:  6/6        EV: 12    Int:  6    God:
Gold:   262        SH:  0    Dex: 12    Spells: 0 memorised, 6 levels left

rFire  . . .     SeeInvis .     d - +1 great sword (holy)
rCold  . . .     Gourm    +     a - +0 robe
rNeg   . . .     Faith    .     (shield currently unavailable)
rPois  .         Spirit   .     (helmet restricted)
rElec  .         Dismiss  .     (no cloak)
rCorr  .         Reflect  .     (gloves unavailable)
SustAt .         Harm     .     (boots unavailable)
MR     .....                    (no amulet)
Stlth  +.........               (no ring)
                                (no ring)

@: not resistant to hostile enchantments, very unstealthy
A: unfitting armour, claws 3, fast metabolism 3, gourmand, regeneration 2,
shaggy fur 1, tough skin 2
a: no special abilities


You were on level 5 of the Dungeon.
You were not hungry.

You visited 1 branch of the dungeon, and saw 5 of its levels.

You collected 262 gold pieces.

Inventory:

Hand Weapons
 d - a +1 great sword of holy wrath (weapon)
 n - a +0 mace
Missiles
 l - 3 steel tomahawks (quivered)
 t - 7 tomahawks
Armour
 a - a +0 robe (worn)
Jewellery
 e - a cursed -2 ring of dexterity {unknown}
 i - an uncursed ring of ice
Wands
 k - a wand of random effects (36/48)
Scrolls
 f - 3 scrolls of remove curse
 m - a scroll of identify
 o - a scroll of enchant armour {unknown}
 p - a scroll of fog {unknown}
Potions
 g - 2 potions of berserk rage {unknown}
 j - a potion of curing {unknown}
 q - a potion of ambrosia {unknown}
 r - a potion of flight {unknown}
 s - a potion of invisibility {unknown}
Comestibles
 b - 3 bread rations
 c - 2 meat rations
 h - 7 fruits


   Skills:
 + Level 4.3 Fighting
 + Level 3.4 Long Blades
 + Level 5.0 Dodging
 + Level 1.3 Stealth
 + Level 4.8 Unarmed Combat


You had 6 spell levels left.
You didn't know any spells.

Dungeon Overview and Level Annotations

Branches:
Dungeon (5/15)             Temple (0/1) D:4

Altars:
Ashenzari
Cheibriados
Fedhas
Kikubaaqudgha
Qazlal
Ru
Xom

Shops:
D:4 =

Annotations:
D:5 Pikel


Innate Abilities, Weirdness & Mutations

You are too large for most types of armour.
You have claws for hands.
Your metabolism is lightning-fast.
You like to eat raw meat.
You heal very quickly.
You are covered in fur (AC +1).
You have very tough skin (AC +2).


Message History

The slave completely misses you.
You slash the slave!
You kill the slave!
That felt strangely unrewarding.
Pikel completely misses you. The slave misses you.
You slice Pikel!!
Pikel is heavily wounded.
Pikel hits you with a whip of freezing!
* * * LOW HITPOINT WARNING * * *
Pikel freezes you.
* * * LOW HITPOINT WARNING * * *
The slave hits you.
* * * LOW HITPOINT WARNING * * *
The giant newt hisses menacingly.
Pikel hits you with a whip of freezing.
* * * LOW HITPOINT WARNING * * *
Pikel freezes you.
* * * LOW HITPOINT WARNING * * *
The slave hits you!
You die...

...#.......# +. #..#
#.#. ...#.......#
#..#..# #...
####.......# #..#..#
####
#.......######.p#..#
#....#####.....p#..#
.... #...Spp#..#
#..#####..#####.
#..K[..#..#.....
#..p@..#..#.....
#####..#..#..###
#......#..#.....
#......#..#.....
#..#####..#####..
#......#..#l.....
#......#..#.....J
#####..#..#..####
#......#..#.....


You could see Pikel, a slave and a giant newt.

Vanquished Creatures
  A slave (D:5)
  3 ogres (D:5)
  A black bear (D:3)
  A centaur (D:5)
  3 scorpions
  A centaur zombie (D:5)
  A quasit (D:5)
  An orc wizard (D:4)
  A jelly (D:5)
  An iguana (D:3)
  2 worker ants
  An adder (D:3)
  A shadow imp (D:5)
  3 worms
  4 dart slugs
  A giant gecko (D:2)
  9 orcs
  2 giant cockroaches
  4 goblins
  5 hobgoblins
  3 jackals (D:1)
  5 bats
  2 giant newts (D:4)
  A jackal skeleton (D:5)
  6 kobolds
  A quokka skeleton (D:4)
  7 rats
71 creatures vanquished.

Notes
Turn   | Place    | Note
--------------------------------------------------------------
     0 | D:1      | Scarto the Troll Monk began the quest for the Orb.
     0 | D:1      | Reached XP level 1. HP: 22/22 MP: 0/0
   181 | D:1      | Reached XP level 2. HP: 29/29 MP: 1/1
   755 | D:2      | Reached XP level 3. HP: 26/36 MP: 2/2
  1232 | D:3      | Noticed a black bear
  1240 | D:3      | Killed a black bear
  1240 | D:3      | Reached skill level 3 in Dodging
  1240 | D:3      | Reached XP level 4. HP: 5/45 MP: 3/3
  1240 | D:3      | Reached XP level 5. HP: 6/53 MP: 4/4
  1643 | D:3      | Found a faded altar to an unknown god.
  2153 | D:4      | Found Ehez Hee's Jewellery Boutique.
  2170 | D:4      | Found a blossoming altar of Fedhas.
  2171 | D:4      | Found a staircase to the Ecumenical Temple.
  2227 | D:4      | Reached skill level 1 in Long Blades
  2379 | D:4      | Reached XP level 6. HP: 49/61 MP: 5/5
  2522 | D:4      | Found a stormy altar of Qazlal.
  2522 | D:4      | Found an ancient bone altar of Kikubaaqudgha.
  2522 | D:4      | Found a shimmering altar of Xom.
  2522 | D:4      | Found a shattered altar of Ashenzari.
  2530 | D:4      | Found a sacrificial altar of Ru.
  2535 | D:4      | Found a snail-covered altar of Cheibriados.
  2673 | D:5      | Entered Level 5 of the Dungeon
  2686 | D:5      | Reached skill level 4 in Dodging
  3132 | D:5      | Reached XP level 7. HP: 45/68 MP: 6/6
  3283 | D:5      | Noticed Pikel
  3317 | D:5      | Reached skill level 5 in Dodging
  3337 | D:5      | HP: 3/70 [Pikel/whip of freezing (4)]
  3337 | D:5      | Mangled by a slave

Skill      XL: |  1  2  3  4  5  6  7 |
---------------+----------------------+-----
Fighting       | 3 4 |  4.3
Dodging        | 3 4 5 |  5.0
Long Blades    | 1 2 3 |  3.4
Stealth        | |  1.3
Unarmed Combat | |  4.8

Action                   |  1- 3 |  4- 6 |  7- 9 || total
-------------------------+-------+-------+-------++-------
Melee: Unarmed           |    55 |       |       ||    55
       Punch             |     2 |       |       ||     2
       Great sword       |    41 |    81 |    32 ||   154
  Use: Scroll            |     3 |       |       ||     3
       Potion            |     1 |       |       ||     1
 Stab: Sleeping          |     1 |       |       ||     1
  Eat: Chunk             |    10 |    13 |     3 ||    26
       Bread ration      |       |     1 |       ||     1
Armor: Robe              |    56 |    47 |     5 ||   108
Dodge: Dodged            |    61 |    82 |    33 ||   176
